 Dungeon Crawl Stone Soup version 0.24-a0-245-gb50751227d (webtiles) character file.

Game seed: 7026019745361094153

82 Redear the Digger (level 4, 0/29 HPs)
             Began as an Octopode Earth Elementalist on Apr 12, 2019.
             Succumbed to a gnoll's poison
             ... on level 2 of the Dungeon.
             The game lasted 00:03:04 (1033 turns).

Redear the Digger (Octopode Earth Elementalist)     Turns: 1033, Time: 00:03:04

Health: 0/29       AC:  1    Str: 13    XL:     4   Next: 43%
Magic:  0/7        EV: 15    Int: 17    God:
Gold:   85         SH:  0    Dex: 12    Spells: 6/7 levels left

rFire    . . .     SeeInvis .   (no weapon)
rCold    . . .     Gourm    .   (no shield)
rNeg     . . .     Faith    .   (helmet restricted)
rPois    .         Spirit   .   (no amulet)
rElec    .         Reflect  .   (no ring)
rCorr    .         Harm     .   (no ring)
MR       .....                  (no ring)
Stlth    +++.......             (no ring)
HPRegen  0.09/turn              (no ring)
MPRegen  0.10/turn              (no ring)
                                (no ring)
                                (no ring)

@: mighty, lethally poisoned (0 -> -2), hasted, very quick
A: almost no armour, stealthy swim, amphibious, 8 rings, constrict 8, repulsion
field 1, camouflage 1, deterioration 1, robust 1, gelatinous body 1, MP-powered
wands
a: no special abilities


You were on level 2 of the Dungeon.
You were very hungry.

You visited 1 branch of the dungeon, and saw 2 of its levels.

You collected 85 gold pieces.

Inventory:

Hand Weapons
 j - a +0 short sword of venom
Missiles
 b - 8 stones (quivered)
Scrolls
 h - a scroll of amnesia {unknown}
 i - a scroll of noise {unknown}
 N - 4 scrolls of remove curse
 R - a scroll of identify {@r1}
Potions
 g - a potion of might {Str+5 DMG+1d10 | @q3}
Comestibles
 z - a ration


   Skills:
 - Level 2.0 Dodging
 - Level 2.6 Stealth
 - Level 2.0 Spellcasting
   Level 1.0 Transmutations
 + Level 5.1 Earth Magic


You had 6 spell levels left.
You knew the following spells:

 Your Spells              Type           Power        Failure   Level  Hunger
a - Sandblast             Erth           ###...       2%          1    #......

Your spell library contained the following spells:

 Spells                   Type           Power        Failure   Level  Hunger
 Passwall                 Tmut/Erth      ##......     9%          2    ###....
 Stone Arrow              Conj/Erth      ##....       21%         3    ###....
 Petrify                  Tmut/Erth      ##......     50%         4    #####..
 Lee's Rapid Deconstruct  Erth           ###.......   54%         5    ######.


Dungeon Overview and Level Annotations

Branches:
Dungeon (2/15)

Altars:
Uskayaw


Innate Abilities, Weirdness & Mutations

You cannot wear most types of armour.
You are very stealthy in the water. (Stealth+)
You are amphibious.
You can wear up to eight rings at the same time.
You can use your tentacles to constrict eight enemies at once.
Your skin changes colour to match your surroundings (Stealth+).
Your rubbery body absorbs attacks. (AC +1, EV +1)
You are surrounded by a mild repulsion field. (EV +2)
Your body sometimes deteriorates upon taking damage.
You are robust. (+10% HP)
You expend magic power (3 MP) to strengthen your wands.


Message History

Aiming: Sandblast (safe; 2% risk of failure)
Press: ? - help, Shift-Dir - straight line, f/p - leopard gecko
Aim: a leopard gecko (heavily wounded, clinging)
The blast of sand misses the leopard gecko.
The blast of sand hits the orc!
You kill the orc!
b - 8 stones The leopard gecko bites you.
* * * LOW HITPOINT WARNING * * *
You take 5 damage, and have 3/27 hp.
You now have 0/7 mp.
It was a potion of mutation.
You feel extremely strange.
You feel yourself wasting away.
You feel your magical essence link to your wands.
You begin to radiate repulsive energy.
You feel robust. The leopard gecko bites you.
* * * LOW HITPOINT WARNING * * *
You take 2 damage, and have 1/29 hp.
Okay, then.
It was a potion of haste.
You feel yourself speed up.
You die...

#.....# #.##.
#?....# #....
#.....## ####.
#.o)...# #.
#.#.##.# #.
##.#.##.# ##.
#....##.# #..
#.#####..####o# #.#
#...@lSo.####.# #.#
#.####o......)# #)#
#.#.####.#####.#
#...#.....รท......#
#.#####.##)#######
.... #...##%# ###
#.#.#.##.#
#........#
####...### ###


You could see an orc priest, an adder, an orc and a leopard gecko.

Vanquished Creatures
  3 gnolls (D:2)
  2 adders (D:2)
  A dart slug (D:2)
  An orc (D:2)
  2 giant cockroaches
  5 goblins
  4 hobgoblins
  5 bats
  2 frilled lizards (D:1)
  3 kobolds (D:1)
  8 rats
36 creatures vanquished.

Notes
Turn   | Place    | Note
-------+----------+-------------------------------------------
     0 | D:1      | Redear the Octopode Earth Elementalist began the quest for
                  | the Orb.
     0 | D:1      | Reached XP level 1. HP: 11/11 MP: 3/3
   191 | D:1      | Found a hide-covered altar of Uskayaw.
   260 | D:1      | Reached XP level 2. HP: 17/17 MP: 3/5
   576 | D:2      | Reached skill level 4 in Earth Magic
   576 | D:2      | Reached XP level 3. HP: 14/21 MP: 1/6
   969 | D:2      | Reached XP level 4. HP: 24/27 MP: 2/7
  1011 | D:2      | Reached skill level 5 in Earth Magic
  1032 | D:2      | Gained mutation: Your body sometimes deteriorates upon
                  | taking damage. [potion of mutation]
  1032 | D:2      | Gained mutation: You expend magic power (3 MP) to
                  | strengthen your wands. [potion of mutation]
  1032 | D:2      | Gained mutation: You are surrounded by a mild repulsion
                  | field. (EV +2) [potion of mutation]
  1032 | D:2      | Gained mutation: You are robust. (+10% HP) [potion of
                  | mutation]
  1032 | D:2      | HP: 1/29 [leopard gecko (2)]
  1033 | D:2      | Succumbed to a gnoll's poison

Levels and vault maps discovered:
D:1:      sevenhm_arrival_forest_fort_small_6, layout_basic
D:2:      layout_loops_cross

Skill      XL: |  1  2  3  4 |
---------------+-------------+-----
Earth Magic    | 4 5 |  5.1
Dodging        | |  2.0
Stealth        | |  2.6
Spellcasting   | |  2.0
Transmutations | |  1.0

Action                   |  1- 3 |  4- 6 || total
-------------------------+-------+-------++-------
Melee: Unarmed           |    18 |     3 ||    21
       Tentacles         |     3 |     2 ||     5
       Constrict         |     5 |     1 ||     6
 Cast: Sandblast         |    40 |     9 ||    49
  Use: Potion            |       |     4 ||     4
       Scroll            |       |     1 ||     1
Armor: Skin              |     3 |       ||     3
Dodge: Dodged            |    31 |    11 ||    42

Table legend:
 A = Non-vault XP
 B = Vault XP
 C = Vault XP percentage of total XP
 D = Non-vault monster count
 E = Vault monster count
 F = Vault count percentage of total count
                 A         B        C        D         E       F
            +---------+---------+-------+---------+---------+-------
      Total |     118 |       0 |   0.0 |      36 |       0 |   0.0
            +---------+---------+-------+---------+---------+-------
        D:1 |      24 |       0 |   0.0 |      18 |       0 |   0.0
        D:2 |      94 |       0 |   0.0 |      18 |       0 |   0.0
            +---------+---------+-------+---------+---------+-------
